 Dungeon Crawl Stone Soup version 0.28-a0-1412-gf95308ed99 (webtiles) character file.

Game seed: 6126925486230519186

43 innerfire433 the Cudgeller (level 3, -3/26 HPs)
             Began as a Demonspawn Wanderer on Jan 6, 2022.
             Was a Follower of Nemelex Xobeh.
             Succumbed to a scorpion's poison
             ... on level 4 of the Dungeon.
             The game lasted 00:06:54 (1494 turns).

innerfire433 the Cudgeller (Demonspawn Wanderer)    Turns: 1494, Time: 00:06:55

Health: -3/26      AC:  5    Str: 14    XL:     3   Next: 37%
Magic:  6/6        EV: 10    Int: 15    God:    Nemelex Xobeh [*.....]
Gold:   29         SH:  0    Dex: 10    Spells: 5/6 levels left

rFire   . . .      SeeInvis .   a - +2 mace
rCold   . . .      Faith    .   (no shield)
rNeg    + . .      Spirit   .   b - +0 ring mail
rPois   .          Reflect  .   (helmet restricted)
rElec   .          Harm     .   (no cloak)
rCorr   .          Rampage  .   (no gloves)
Will    .....                   (no boots)
Stlth   ..........              (no amulet)
HPRegen 0.08/turn               l - ring of positive energy
MPRegen 0.10/turn               (no ring)

@: brilliant, lethally poisoned (-3 -> -24), invisible
A: antennae 2
a: Renounce Religion, Draw Escape, Draw Destruction, Draw Summoning


You were on level 4 of the Dungeon.
You worshipped Nemelex Xobeh.
Nemelex Xobeh was aware of your devotion.
You visited 1 branch of the dungeon, and saw 3 of its levels.

You collected 29 gold pieces.

Inventory:

Hand Weapons
 a - a +2 mace (weapon)
 f - a +0 hand crossbow
Missiles
 g - 15 bolts
Armour
 b - a +0 ring mail (worn)
 c - a +0 leather armour
Jewellery
 l - a ring of positive energy (left hand)
Scrolls
 h - a scroll of identify
 i - a scroll of blinking
 j - a scroll of amnesia {unknown}
Potions
 k - a potion of magic {unknown}


   Skills:
 + Level 1.3 Fighting
 + Level 3.2 Maces & Flails
 + Level 2.3 Armour
 - Level 0.2 Dodging
 + Level 2.3 Spellcasting
 + Level 0.4 Conjurations
 + Level 1.7 Fire Magic


You had 5 spell levels left.
You knew the following spells:

 Your Spells              Type           Power      Damage    Failure   Level
a - Foxfire               Conj/Fire      28%        2x1d5     26%         1

Your spell library contained the following spells:

 Spells                   Type           Power      Damage    Failure   Level
 Animate Skeleton         Necr           4%         N/A       41%         1
 Pain                     Necr           8%         1d4       41%         1
 Inner Flame              Hex/Fire       6%         N/A       65%         3
 Summon Guardian Golem    Hex/Summ       2%         N/A       78%         3
 Vampiric Draining        Necr           2%         2d6       78%         3
 Orb of Destruction       Conj           2%         9d1       100%        7
 Spellforged Servitor     Conj/Summ      1%         N/A       100%        7


Dungeon Overview and Level Annotations

Branches:
Dungeon (2/15)

Altars:
Nemelex Xobeh


Innate Abilities, Weirdness & Mutations

You have a pair of antennae on your head.


Message History

Found an encrusted silver ring and a hunting sling.
l - a ring of positive energy
l - a ring of positive energy (left hand)
You now have 29 gold pieces (gained 8).
Found a buckler.
A scorpion comes into view.
A scorpion is nearby!
A scorpion is nearby!
You hit the scorpion.
The scorpion is lightly wounded.
The scorpion completely misses you.
You draw a card...
You have drawn Pain.
Press: ? - help, Shift-Dir - straight line, f - scorpion
Aim: a scorpion (lightly wounded)
The scorpion convulses!
The scorpion stings you!
You hit the scorpion.
The scorpion is severely wounded.
The scorpion stings you but does no damage.
The scorpion closely misses you.
You hit the scorpion but do no damage.
The scorpion is severely wounded.
The scorpion stings you!
You are too injured to fight recklessly!
The scorpion stings you.
* * * LOW HITPOINT WARNING * * *
You are lethally poisoned!
The scorpion poisons you!
It was a potion of brilliance.
You feel clever all of a sudden.
* * * LOW HITPOINT WARNING * * *
You feel very sick. The scorpion stings you.
* * * LOW HITPOINT WARNING * * *
You are more poisoned.
The scorpion poisons you!
It was a potion of invisibility.
You fade into invisibility!
You die...
Your body disappears without a glow.

..## #. ..... #.#
...... #.# #....[ #.#
.......# #.#.#.#.....
##.....#.#.#.#.#.#....
#...#.#.#.#.#........
#...#.!#s#.#.......#+
##......@#.#.#.......
..........#.....#.. .
#........#.#...#.#+ .#
#.........#+....#.#.#
#....###.#.#...#.#.#.
...#....#+#.#.#.#.#.#.
......................
......................
##.....................


You could see a scorpion.

Vanquished Creatures
  An adder (D:2)
  A dart slug (D:1)
  2 bats
  3 endoplasms
  2 giant cockroaches (D:1)
  A goblin (D:1)
  3 hobgoblins (D:1)
  2 jackals (D:1)
  A quokka (D:1)
  2 ball pythons (D:1)
  5 frilled lizards
  4 kobolds
  3 rats (D:1)
30 creatures vanquished.

Vanquished Creatures (others)
  14 foxfires (D:1)
14 creatures vanquished.

Grand Total: 44 creatures vanquished

Notes
Turn   | Place    | Note
-------+----------+-------------------------------------------
     0 | D:1      | innerfire433 the Demonspawn Wanderer began the quest for
                  | the Orb.
     0 | D:1      | innerfire433 set off with the following items: a +2 mace, a
                  | +0 ring mail; and the following spell memorised: Foxfire;
                  | and the following spells available to memorise: Inner Flame
     0 | D:1      | Reached XP level 1. HP: 15/15 MP: 3/3
   314 | D:1      | Reached skill level 3 in Maces & Flails
   518 | D:1      | Gained mutation: You have a pair of small antennae on your
                  | head. [demonic ancestry]
   518 | D:1      | Reached XP level 2. HP: 21/21 MP: 1/5
  1120 | D:2      | Gained mutation: You have a pair of antennae on your head.
                  | [demonic ancestry]
  1120 | D:2      | Reached XP level 3. HP: 26/26 MP: 6/6
  1369 | D:2      | Found a faded altar of an unknown god.
  1435 | D:2      | Prayed at the altar of an unknown god.
  1435 | D:2      | Became a worshipper of Nemelex Xobeh the Trickster
  1435 | D:2      | Reached * piety under Nemelex Xobeh
  1435 | D:2      | Received a gift from Nemelex Xobeh
  1460 | D:2      | You fall into a shaft and drop 2 floors!
  1485 | D:4      | Noticed a scorpion
  1493 | D:4      | HP: 1/26 [scorpion (2)]
  1494 | D:4      | Succumbed to a scorpion's poison

Illustrated notes

Levels and vault maps discovered:
D:1:      roderic_dead_forest, layout_rooms
D:2:      layout_loops_cross, ebering_ecumenical_altar_mist,
          minmay_goblin_kobold_house, uniq_natasha
D:4:      layout_basic, mainiacjoe_overflow_24_doors,
          nicolae_qazlal_eye_of_the_storm, minmay_shop_grid_forest

Skill      XL: |  1  2 |
---------------+-------+-----
Maces & Flails | 3 |  3.2
Armour         | 2 |  2.3
Fighting       | |  1.3
Dodging        | |  0.2
Spellcasting   | |  2.3
Conjurations   | |  0.4
Fire Magic     | |  1.7

Action                   || total
-------------------------++-------
Melee: Mace              ||    72
 Cast: Foxfire           ||     8
Invok: Draw Destruction  ||     1
  Use: Scroll            ||     2
       Potion            ||     3
Armor: Ring mail         ||    39
Dodge: Dodged            ||    42

Table legend: (Time is in decaauts)
 A = Elapsed time spent in this place.
 B = Non-inter-level travel time spent in this place.
 C = Inter-level travel time spent in this place.
 D = Time resting spent in this place.
 E = Time spent auto-exploring this place.
 F = Levels seen in this place.
 G = Mean time per level.
                   A        B        C        D        E       F      G
               +--------+--------+--------+--------+--------+-----+--------+
         Total |   1510 |   1510 |      0 |      0 |   1208 |   3 |  503.3 |
       Dungeon |   1510 |   1510 |      0 |      0 |   1208 |   3 |  503.3 |
               +--------+--------+--------+--------+--------+-----+--------+

Top non-repeatable levels by time:
     D:1: 1101 daAuts
     D:2: 374 daAuts
     D:4: 33 daAuts
